Map: Ruins of Endion

Players

capac

  • Race: Terran Terran
  • League: Gold

A.I. 1 (Elite) - Winner!

  • Race: Zerg Zerg

VOD

Have the link to the VOD?

Description

Time

  • Played on: May 2, 2016, 2:48 p.m.
  • Length: 29:40
Show
View Real Time Build Order
Export as new Build Order

capac Terran 

Build Orders: Reaper Expand, MMM Bio 

Get SALT Encoding   

  12  0:01  SCV  
  13  0:13  SCV  
  14  0:18  Supply Depot  
  14  0:25  SCV  
  15  0:40  SCV  
  16  0:43  Barracks  
  16  0:46  Refinery  
  16  0:52  SCV  
  17  1:04  SCV  
  18  1:16  SCV  
  19  1:29  Orbital Command  
  19  1:31  Reaper  
  20  1:43  Command Center  
  20  1:50  Supply Depot  
  20  1:55  SCV  
  21  2:03  Marine  
  22  2:16  Factory, Barracks  
  22  2:21  Refinery  
  22  2:24  Barracks Reactor  
  22  2:40  SCV  
  23  2:52  SCV  
  23  2:57  Orbital Command  
  24  3:01  Marine x2  
  24  3:03  Factory Tech Lab  
  24  3:04  SCV  
  27  3:08  Starport  
  27  3:09  Barracks Tech Lab  
  27  3:16  Barracks  
  27  3:19  SCV  
  28  3:24  Marine  
  28  3:25  Marine  
  30  3:29  SCV  
  31  3:38  Marine  
  33  3:41  SCV  
  33  3:42  SCV  
  33  3:43  Marine  
  33  3:45  Marine  
  36  3:48  Supply Depot  
  36  3:52  Siege Tank  
  39  3:57  SCV x2  
  41  4:05  Barracks Reactor  
  41  4:10  SCV x2  
  41  4:11  Marine x3  
  41  4:15  Refinery, Stimpack  
  46  4:20  Supply Depot  
  46  4:24  Medivac  
  48  4:26  SCV  
  48  4:27  SCV  
  50  4:34  Marine x3  
  54  4:38  SCV  
  54  4:42  Supply Depot  
  54  4:46  SCV  
  54  4:48  Marine x2  
  57  4:56  Starport Reactor  
  57  4:57  Marine x3  
  61  5:00  SCV x2  
  62  5:07  Supply Depot  
  62  5:09  Marine x2  
  64  5:17  SCV x2  
  64  5:19  Siege Tank  
  69  5:23  Marine  
  69  5:24  Barracks  
  70  5:28  Marine x2  
  70  5:31  Supply Depot  
  70  5:34  Marine x2  
  74  5:37  SCV x2  
  74  5:40  Refinery  
  74  5:41  Medivac  
  78  5:53  Medivac  
  78  5:54  Marine x4  
  78  5:55  Supply Depot  
  85  5:58  SCV  
  86  6:07  Supply Depot  
  86  6:13  Barracks Reactor, SCV  
  86  6:16  Marine x5, SCV  
  86  6:18  Medivac  
  94  6:22  Supply Depot  
  94  6:29  Supply Depot, SCV  
  95  6:37  Barracks  
  95  6:38  Combat Shields  
  95  6:39  Marine x2  
  96  6:40  Marine x3  
  96  6:43  SCV x2  
  105  6:47  Siege Tank  
  105  6:54  Supply Depot  
  105  7:01  Barracks, Marine x4, Liberator x2  
  106  7:03  Marine  
  106  7:04  Marine  
  111  7:22  Marine x4  
  119  7:25  Marine x2  
  119  7:28  Barracks Reactor  
  123  7:41  Marine x3  
  126  7:51  Supply Depot  
  126  7:57  Command Center  
  126  8:07  Barracks Reactor  
  126  8:12  Marine, Siege Tank, Medivac x2  
  134  8:16  Supply Depot  
  134  8:30  Command Center  
  134  8:37  Marine x8  
  142  8:42  Concussive Shells  
  142  8:51  Supply Depot, Starport  
  142  9:04  Marine, Medivac x2  
  141  9:34  Marine  
  141  9:35  Marine x10  
  152  9:40  Starport Reactor  
  152  9:52  Marine x2  
  153  9:53  Marine x2  
  156  10:08  Marine x7  
  156  10:10  Marine  
  164  10:20  Medivac x2  
  168  10:23  Orbital Command  
  168  10:30  Supply Depot  
  168  10:33  Barracks  
  168  10:35  Barracks  
  168  10:41  Marine x11, Liberator x3  
  168  10:42  Liberator  
  179  10:56  Supply Depot  
  179  10:58  Marine  
  179  10:59  Marine x2  
  194  11:35  Engineering Bay  
  194  11:40  Engineering Bay  
  125  12:03  Marine x3  
  125  12:04  Marine x3  
  96  12:10  Marine x5  
  96  12:14  Medivac x4  
  106  12:21  Marine x3, Planetary Fortress  
  109  12:23  Barracks Reactor  
  109  12:25  Marine x3  
  109  12:27  Terran Infantry Weapons Level 1, Marine  
  113  12:34  Armory  
  113  12:36  Marine  
  114  12:37  Marine x3  
  114  12:41  Marine x3  
  114  12:43  Marine x3  
  123  12:45  Marine  
  123  12:49  Terran Infantry Armor Level 1  
  124  12:51  Medivac x3  
  124  12:52  Medivac  
  124  12:54  Marine  
  124  12:55  Marine x3  
  136  12:59  Marine x3  
  136  13:00  Marine  
  136  13:01  Marine x2  
  136  13:03  Marine  
  143  13:10  Missile Turret  
  143  13:12  Marine x2  
  144  13:13  Refinery  
  144  13:16  Marine  
  144  13:17  Marine x5  
  144  13:18  Refinery  
  151  13:32  Missile Turret  
  151  13:35  Marine  
  151  13:36  Marine x12  
  144  14:16  Marine  
  120  14:17  Marine x12  
  114  14:34  Marine  
  114  14:35  Marine x12  
  121  14:52  Marine x3  
  122  14:53  Marine x10  
  134  15:02  Missile Turret  
  134  15:10  Marine x7  
  136  15:40  Marine x5  
  136  15:41  Marine x8  
  146  15:55  Medivac x2  
  146  15:56  Medivac  
  152  15:57  Marine  
  152  15:58  Marine x4  
  152  15:59  Marine x2  
  159  16:04  Marine  
  159  16:05  Marine x5  
  165  16:15  Marine  
  135  16:25  Medivac x2  
  98  16:28  Marine x3  
  99  16:35  Marine x2  
  101  16:48  SCV x2  
  103  17:00  SCV  
  104  17:12  Marine x5  
  104  17:13  Marine  
  111  17:18  Refinery  
  111  17:23  Refinery  
  111  17:34  Marine  
  111  17:36  Marine  
  112  17:37  Marine x8  
  120  18:02  Marine x13  
  133  18:19  Marine  
  133  18:20  Marine  
  133  18:22  Marine x11  
  146  18:27  Medivac  
  148  18:53  Command Center  
  108  19:37  Marine  
  108  19:38  Marine x12  
  69  19:54  Orbital Command  
  69  19:55  Marine  
  69  19:56  Marine  
  69  19:59  Medivac x2  
  75  20:26  Marine  
  75  20:27  Marine x8  
  84  20:33  SCV x3  
  87  20:41  Planetary Fortress  
  87  20:45  Marine x2  
  89  21:03  Refinery  
  89  21:05  Marine  
  89  21:06  Marine x12  
  102  21:17  Liberator x2  
  102  21:18  Liberator x2  
  102  21:22  SCV x3  
  102  21:23  Marine  
  106  21:26  Terran Infantry Weapons Level 2  
  106  21:27  Terran Infantry Armor Level 2  
  118  21:46  Refinery  
  118  21:51  SCV x2  
  118  21:52  SCV x2  
  122  21:54  Marine  
  122  21:55  Marine x6  
  129  22:03  Liberator x4  
  129  22:22  Marine x3  
  142  22:23  Marine x4  
  148  22:32  SCV x4  
  152  22:43  Marine x10  
  152  22:44  Marine x2  
  71  23:28  Marine x13  
  65  23:45  Marine  
  65  23:46  Marine x12  
  77  23:59  Medivac x3  
  82  24:03  Marine  
  82  24:04  Marine x11  
  82  24:07  Liberator  
  91  24:11  Liberator  
  91  24:12  Liberator  
  71  24:30  Marine x6  
  64  24:38  Marine  
  64  24:39  Marine x2  
  55  25:10  Liberator  
  46  25:25  Marine  
  46  25:26  Marine x3  
  52  25:46  Marine  
  52  25:47  Marine  
  54  26:15  Refinery  
  54  26:16  Refinery, Marine  
  54  26:17  Marine x4  
  60  26:29  SCV x2  
  62  26:38  Marine, Liberator x3  
  62  26:41  Liberator  
  74  27:15  Marine x5  
  75  27:16  Marine  
  80  27:38  Marine x5  
  80  27:39  Marine x3  
  76  27:52  Liberator x3  
  57  28:22  Liberator  
Show
View Real Time Build Order
Export as new Build Order

A.I. 1 (Elite) Zerg - Winner!

Build Orders: Pool First 

Get SALT Encoding   

  12  0:00  Drone  
  13  0:12  Overlord  
  13  0:17  Drone  
  14  0:30  Drone x2  
  16  0:43  Spawning Pool  
  16  0:45  Drone  
  16  0:49  Drone  
  17  1:13  Hatchery, Drone  
  17  1:16  Extractor  
  17  1:18  Drone  
  17  1:22  Drone  
  18  1:28  Drone  
  19  1:38  Overlord  
  19  1:48  Queen  
  19  1:49  Drone  
  22  2:00  Zergling x2  
  23  2:10  Drone  
  24  2:21  Drone  
  25  2:24  Queen  
  25  2:25  Roach Warren  
  25  2:27  Drone  
  27  2:32  Drone  
  28  2:37  Zergling x2  
  28  2:43  Zergling x2  
  30  2:47  Overlord  
  30  2:53  Drone  
  30  2:55  Drone x2  
  33  3:00  Drone  
  34  3:06  Roach x2  
  34  3:11  Roach  
  40  3:16  Roach  
  40  3:19  Overlord  
  42  3:27  Drone x2  
  44  3:28  Overlord  
  44  3:32  Overlord  
  44  3:37  Roach  
  44  3:39  Roach  
  48  3:43  Roach  
  50  3:49  Roach  
  50  3:50  Roach  
  56  3:55  Roach x2  
  56  3:58  Roach  
  56  4:01  Drone  
  56  4:02  Drone  
  62  4:04  Drone  
  62  4:06  Drone  
  62  4:09  Extractor, Drone  
  64  4:14  Overlord  
  64  4:19  Overlord  
  64  4:22  Drone  
  64  4:24  Drone  
  66  4:25  Drone  
  66  4:27  Drone  
  68  4:33  Roach  
  68  4:34  Roach  
  68  4:36  Roach  
  74  4:39  Roach  
  74  4:42  Overlord  
  74  4:45  Drone  
  77  4:47  Drone  
  77  4:49  Drone  
  80  4:52  Drone  
  80  4:53  Overlord  
  80  4:59  Lair  
  80  5:02  Roach  
  80  5:04  Roach  
  84  5:07  Roach  
  84  5:09  Roach  
  84  5:12  Overlord  
  88  5:14  Drone  
  88  5:16  Drone  
  88  5:18  Drone  
  88  5:19  Zergling x2  
  93  5:21  Zergling x2  
  93  5:22  Zergling x2  
  94  5:30  Drone  
  94  5:33  Overlord  
  94  5:35  Drone  
  96  5:38  Drone x2  
  98  5:44  Extractor  
  98  5:47  Extractor  
  96  6:01  Infestation Pit, Drone  
  96  6:02  Hydralisk Den  
  96  6:03  Drone  
  96  6:05  Hatchery  
  96  6:06  Drone x2  
  96  6:07  Overlord, Drone x2  
  96  6:10  Drone  
  96  6:11  Drone  
  101  6:12  Drone  
  102  6:21  Metabolic Boost  
  102  6:31  Evolution Chamber  
  102  6:32  Drone  
  102  6:33  Hydralisk  
  102  6:35  Evolution Chamber  
  102  6:36  Hydralisk, Drone  
  102  6:38  Infestor  
  108  6:44  Evolution Chamber  
  107  6:49  Infestor  
  109  6:56  Zerg Melee Weapons Level 1  
  109  7:01  Zerg Missile Weapons Level 1  
  109  7:07  Spine Crawler  
  108  7:11  Spine Crawler  
  107  7:15  Overseer  
  107  7:17  Queen, Drone  
  107  7:18  Zerg Ground Armor Level 1, Drone x3  
  107  7:19  Overlord, Drone x4  
  107  7:20  Drone x4  
  107  7:21  Drone x2  
  123  7:26  Ravager  
  123  7:28  Extractor, Drone x2  
  123  7:29  Drone  
  126  7:33  Ravager  
  127  7:38  Overlord, Drone  
  127  7:40  Drone  
  127  7:44  Hydralisk x2, Drone x2  
  129  7:45  Drone  
  137  7:51  Drone x2  
  137  7:56  Overlord, Infestor  
  140  7:58  Extractor  
  140  8:00  Drone  
  140  8:07  Infestor  
  140  8:12  Spore Crawler  
  141  8:13  Drone  
  141  8:14  Spore Crawler  
  141  8:15  Overlord, Drone  
  141  8:19  Pathogen Glands  
  142  8:21  Drone  
  143  8:27  Spine Crawler  
  143  8:28  Drone  
  143  8:33  Baneling Nest, Overlord  
  143  8:34  Drone  
  142  8:47  Spine Crawler, Hatchery  
  140  8:50  Spore Crawler  
  139  8:55  Hydralisk  
  139  8:59  Zerg Missile Weapons Level 2  
  141  9:06  Queen  
  141  9:08  Hydralisk  
  145  9:16  Neural Parasite  
  145  9:17  Baneling  
  145  9:20  Zerg Ground Armor Level 2  
  145  9:22  Zergling x2  
  146  9:26  Spine Crawler, Zergling x2, Infestor  
  146  9:27  Zergling x2  
  146  9:28  Spine Crawler, Zergling x6  
  146  9:29  Zergling x2  
  146  9:30  Spine Crawler  
  131  9:31  Drone  
  131  9:32  Spine Crawler  
  131  9:33  Drone  
  131  9:43  Zergling x2, Baneling  
  131  9:44  Baneling  
  131  9:45  Zergling x4, Baneling x3  
  134  9:46  Zergling x4, Baneling x4  
  134  9:47  Zergling x4, Baneling x5  
  134  9:48  Zergling x4, Baneling x3  
  134  9:49  Zergling x2, Baneling x2  
  141  9:59  Drone  
  143  10:00  Drone x3  
  143  10:01  Ravager, Drone x3  
  143  10:02  Roach  
  151  10:20  Extractor  
  150  10:21  Drone  
  150  10:22  Spore Crawler  
  150  10:23  Drone, Spore Crawler  
  150  10:24  Drone  
  150  10:25  Spine Crawler  
  150  10:26  Drone  
  151  10:29  Hydralisk, Drone, Spore Crawler  
  151  10:32  Centrifical Hooks  
  151  10:33  Overlord, Extractor, Hydralisk, Drone  
  155  10:45  Ravager, Roach  
  155  10:47  Hatchery  
  155  10:48  Drone  
  158  10:50  Ravager  
  158  10:52  Roach  
  158  10:54  Overseer  
  158  10:55  Pneumatized Carapace  
  161  11:00  Overseer  
  161  11:02  Overlord, Roach  
  161  11:03  Roach  
  165  11:05  Spine Crawler  
  165  11:06  Drone  
  165  11:07  Spore Crawler  
  165  11:08  Drone  
  164  11:27  Drone  
  165  11:35  Drone  
  165  11:37  Spine Crawler, Drone  
  165  11:38  Overlord, Hydralisk, Drone, Infestor  
  165  11:39  Tunneling Claws  
  169  11:40  Zergling x2, Hydralisk  
  169  11:41  Zergling x2  
  169  11:42  Lurker Den, Hive, Drone, Spore Crawler  
  169  11:43  Zergling x4  
  169  11:44  Zergling x2  
  169  11:45  Spine Crawler, Zergling x2, Drone  
  169  11:46  Zergling x2  
  166  11:48  Zergling x2, Spore Crawler  
  166  11:49  Drone  
  166  11:51  Spire  
  166  11:54  Infestor, Drone  
  134  12:02  Drone x3  
  134  12:03  Drone  
  134  12:04  Drone x2  
  134  12:05  Infestor, Drone x2  
  134  12:06  Roach  
  137  12:10  Baneling  
  137  12:11  Hatchery, Baneling  
  137  12:13  Drone  
  137  12:19  Infestor  
  137  12:21  Roach  
  143  12:23  Roach  
  143  12:45  Extractor  
  143  12:47  Drone  
  143  12:48  Spine Crawler  
  143  12:50  Spine Crawler, Drone  
  142  12:51  Baneling  
  142  12:52  Baneling x4, Drone  
  142  12:53  Spine Crawler, Zergling x4, Baneling x2  
  142  12:54  Viper, Zergling x2, Baneling x3, Drone  
  142  12:56  Zerg Missile Weapons Level 3  
  149  13:03  Queen, Mutalisk x3  
  149  13:05  Corruptor, Greater Spire  
  157  13:07  Corruptor  
  157  13:09  Overseer  
  161  13:13  Zergling x2, Baneling  
  161  13:14  Baneling  
  161  13:15  Zergling x2, Baneling  
  161  13:17  Baneling  
  161  13:18  Zergling x2, Baneling  
  161  13:19  Baneling  
  164  13:23  Corruptor  
  166  13:28  Mutalisk  
  166  13:31  Zergling x2, Baneling x2  
  166  13:33  Mutalisk  
  171  13:37  Mutalisk  
  171  13:39  Extractor  
  171  13:40  Drone  
  171  13:41  Corruptor  
  173  13:42  Extractor  
  173  13:44  Drone  
  173  13:45  Corruptor  
  177  13:49  Corruptor  
  177  13:50  Queen  
  177  13:51  Queen  
  177  13:53  Spore Crawler  
  177  13:54  Drone  
  181  13:55  Zergling x2  
  181  13:56  Drone  
  181  13:57  Spore Crawler  
  181  13:58  Drone  
  181  14:01  Drone  
  166  14:03  Zergling x2  
  166  14:06  Zergling x2  
  151  14:18  Drone  
  151  14:20  Drone  
  151  14:21  Drone  
  151  14:23  Baneling, Drone  
  153  14:24  Zergling x2, Baneling  
  153  14:27  Hatchery  
  153  14:28  Drone  
  153  14:29  Baneling x2, Drone  
  153  14:30  Zergling x2, Brood Lord  
  153  14:31  Baneling x2  
  151  14:32  Drone  
  151  14:36  Brood Lord  
  151  14:38  Hydralisk  
  128  14:41  Hydralisk  
  128  14:43  Hydralisk  
  126  14:46  Roach  
  126  14:48  Corruptor  
  126  14:51  Zergling x2, Baneling  
  132  14:52  Zergling x2  
  132  14:53  Baneling  
  132  14:54  Baneling  
  132  14:55  Zergling x2  
  132  14:56  Baneling  
  132  14:58  Mutalisk  
  135  15:00  Mutalisk  
  135  15:02  Mutalisk  
  135  15:05  Mutalisk  
  141  15:09  Zergling x2, Baneling x2  
  141  15:11  Zergling x2, Baneling x2  
  141  15:13  Corruptor  
  141  15:14  Zergling x2, Baneling  
  145  15:15  Baneling  
  145  15:18  Corruptor  
  145  15:30  Drone  
  145  15:31  Drone  
  145  15:33  Drone  
  145  15:35  Drone  
  134  15:36  Drone  
  134  15:38  Drone  
  134  15:40  Drone  
  134  15:41  Drone  
  136  15:43  Drone  
  136  15:45  Drone  
  136  15:47  Drone  
  136  15:49  Drone  
  135  15:51  Drone  
  135  15:53  Drone  
  135  15:55  Drone  
  137  15:57  Drone  
  137  15:58  Drone  
  137  16:00  Drone  
  137  16:03  Drone  
  139  16:05  Drone  
  139  16:06  Hatchery  
  118  16:20  Zergling x2  
  118  16:22  Zergling x2  
  118  16:25  Roach  
  114  16:27  Roach  
  114  16:30  Roach  
  114  16:32  Roach  
  120  16:33  Drone  
  120  16:35  Drone  
  120  16:37  Drone  
  120  16:38  Drone  
  120  16:39  Drone  
  125  16:41  Drone  
  125  16:42  Hatchery, Drone  
  125  16:44  Drone  
  125  16:45  Drone  
  128  16:47  Drone  
  128  16:48  Drone  
  128  16:49  Drone  
  128  16:51  Drone  
  128  16:53  Drone  
  133  16:54  Drone  
  133  16:56  Drone  
  133  16:58  Drone  
  133  16:59  Drone  
  133  17:01  Zergling x2, Baneling  
  138  17:03  Zergling x2, Baneling  
  138  17:05  Baneling  
  138  17:06  Zergling x2  
  138  17:07  Baneling  
  140  17:10  Corruptor  
  140  17:15  Corruptor  
  144  17:17  Infestor  
  144  17:21  Zergling x2, Baneling  
  147  17:23  Zergling x2, Baneling x2  
  147  17:29  Brood Lord  
  150  17:32  Corruptor  
  150  17:36  Baneling x2, Brood Lord  
  154  17:37  Baneling  
  154  17:38  Overlord  
  154  17:40  Zergling x2  
  154  17:42  Baneling x2  
  154  17:43  Zergling x2  
  156  17:47  Corruptor  
  158  17:56  Spine Crawler  
  142  18:06  Baneling x3, Brood Lord, Drone  
  142  18:08  Zergling x2  
  142  18:09  Drone  
  142  18:10  Drone  
  146  18:13  Drone  
  146  18:15  Drone  
  146  18:17  Drone  
  146  18:18  Hatchery  
  147  18:31  Drone x3  
  149  18:35  Drone  
  149  18:37  Drone  
  149  18:39  Drone  
  149  18:40  Drone  
  153  18:42  Drone  
  153  18:44  Drone  
  153  18:48  Overlord  
  155  18:50  Drone  
  155  18:52  Hatchery, Drone  
  155  18:54  Drone  
  157  18:56  Drone  
  157  18:58  Drone  
  157  19:01  Drone  
  160  19:03  Drone  
  160  19:05  Overseer  
  160  19:08  Overseer  
  158  19:11  Overlord  
  129  19:29  Zergling x2  
  113  19:32  Zergling x2  
  113  19:37  Roach  
  109  19:41  Roach  
  111  19:46  Roach  
  111  19:49  Hatchery  
  111  19:50  Roach  
  114  19:55  Roach  
  114  19:58  Hydralisk  
  118  20:01  Hydralisk  
  118  20:04  Hydralisk  
  118  20:06  Drone  
  123  20:07  Drone  
  123  20:09  Drone  
  123  20:10  Drone  
  123  20:12  Drone  
  123  20:14  Drone  
  128  20:15  Drone  
  128  20:16  Drone  
  128  20:18  Drone  
  128  20:19  Drone  
  128  20:21  Drone  
  133  20:22  Drone  
  133  20:23  Drone  
  133  20:24  Drone  
  133  20:26  Drone  
  133  20:27  Drone x2  
  139  20:29  Drone  
  139  20:30  Drone  
  139  20:32  Drone x2  
  139  20:34  Drone  
  144  20:36  Drone  
  144  20:37  Zergling x2, Baneling  
  144  20:38  Baneling  
  144  20:39  Zergling x2  
  144  20:40  Baneling  
  144  20:41  Baneling  
  144  20:42  Zergling x2, Baneling  
  148  20:46  Corruptor  
  150  20:51  Brood Lord  
  150  20:53  Corruptor  
  154  20:58  Zergling x2, Baneling  
  154  20:59  Baneling  
  154  21:00  Zergling x2, Baneling x2  
  154  21:01  Zergling x2, Baneling  
  157  21:07  Zerg Ground Armor Level 3  
  157  21:09  Burrow  
  157  21:15  Spine Crawler  
  157  21:17  Hatchery  
  155  21:21  Spine Crawler  
  155  21:23  Spine Crawler  
  155  21:24  Spine Crawler  
  155  21:25  Zerg Flyer Weapons Level 1  
  152  21:28  Spine Crawler  
  152  21:30  Spine Crawler  
  152  21:32  Spine Crawler, Infestor  
  151  21:34  Infestor  
  151  21:36  Infestor  
  151  21:37  Infestor  
  151  21:39  Roach  
  159  21:41  Hydralisk  
  159  21:42  Overseer  
  159  21:46  Brood Lord  
  163  21:48  Corruptor  
  163  21:50  Viper  
  168  21:56  Queen  
  170  22:02  Brood Lord  
  170  22:04  Corruptor  
  170  22:06  Spore Crawler  
  170  22:07  Overlord  
  171  22:18  Queen  
  171  22:20  Queen  
  175  22:25  Infestor  
  175  22:27  Infestor  
  179  22:31  Drone x2  
  179  22:33  Drone  
  179  22:34  Hydralisk Den, Drone  
  179  22:35  Drone  
  179  22:36  Drone  
  184  22:37  Drone, Spore Crawler  
  184  22:38  Drone  
  184  22:39  Drone  
  184  22:40  Drone  
  184  22:41  Spore Crawler  
  184  22:42  Drone x2  
  184  22:43  Brood Lord, Spore Crawler  
  184  22:44  Drone  
  190  22:46  Spore Crawler  
  190  22:47  Drone  
  190  22:49  Overseer, Spore Crawler  
  190  22:50  Drone  
  190  22:52  Spore Crawler  
  190  22:53  Corruptor, Drone  
  190  22:55  Extractor  
  190  22:56  Zergling x4, Extractor, Drone  
  190  22:57  Hydralisk, Drone  
  190  22:58  Zergling x2  
  190  23:10  Extractor  
  190  23:11  Roach, Drone  
  190  23:12  Extractor, Roach, Drone  
  187  23:14  Extractor  
  187  23:15  Drone  
  187  23:17  Baneling, Zergling x2, Extractor, Drone  
  187  23:18  Roach  
  175  23:20  Overlord x2, Extractor  
  175  23:21  Drone  
  144  23:29  Queen, Corruptor  
  140  23:39  Extractor  
  140  23:40  Baneling, Drone  
  134  23:42  Zergling x2  
  134  23:44  Zergling x2, Spore Crawler  
  134  23:45  Zergling x2, Zerg Melee Weapons Level 2, Drone  
  137  23:50  Hatchery  
  137  23:52  Drone  
  137  23:58  Adrenal Glands  
  137  24:00  Hydralisk  
  137  24:03  Baneling  
  137  24:04  Baneling x2  
  137  24:06  Roach, Infestor  
  139  24:11  Roach, Spore Crawler  
  139  24:12  Zergling x2, Infestor, Drone  
  139  24:13  Roach  
  139  24:14  Hydralisk  
  139  24:15  Zergling x2  
  146  24:17  Zergling x2  
  146  24:19  Zergling x2  
  146  24:21  Zergling x2, Overlord  
  146  24:24  Roach  
  144  24:25  Viper  
  144  24:27  Zergling x2  
  144  24:28  Overseer  
  144  24:29  Roach  
  144  24:30  Overseer  
  147  24:32  Baneling  
  147  24:33  Zergling x2, Baneling  
  147  24:35  Zergling x2, Baneling, Infestor  
  151  24:39  Roach  
  151  24:40  Spine Crawler  
  151  24:41  Spine Crawler, Infestor, Drone  
  151  24:43  Drone  
  151  24:45  Overlord, Roach  
  155  24:46  Roach  
  155  24:49  Glial Reconstitution  
  155  24:50  Roach  
  155  24:51  Hydralisk x2  
  160  24:53  Hydralisk  
  160  24:57  Roach  
  160  24:58  Hydralisk  
  161  25:00  Hydralisk  
  161  25:07  Queen  
  155  25:08  Roach  
  155  25:09  Ravager  
  155  25:13  Corruptor, Infestor  
  142  25:20  Spore Crawler  
  136  25:21  Drone  
  136  25:22  Spore Crawler  
  136  25:24  Zergling x2, Drone  
  136  25:26  Zergling x2  
  136  25:28  Infestor  
  131  25:30  Roach  
  131  25:33  Roach  
  131  25:36  Corruptor  
  131  25:40  Overlord  
  131  25:42  Zergling x2, Baneling x2, Roach  
  136  25:45  Viper  
  139  25:53  Zergling x2, Baneling, Corruptor  
  139  25:54  Baneling  
  139  25:55  Brood Lord  
  144  25:58  Corruptor  
  144  26:01  Overlord  
  146  26:04  Zergling x2, Baneling x2  
  146  26:09  Corruptor, Brood Lord  
  151  26:12  Zergling x2, Baneling  
  151  26:13  Baneling  
  152  26:20  Overlord, Infestor, Overseer  
  152  26:21  Ravager  
  152  26:24  Roach  
  152  26:25  Infestor  
  159  26:29  Hatchery  
  158  26:33  Brood Lord  
  158  26:34  Drone  
  158  26:37  Zergling x2, Baneling x2  
  158  26:38  Baneling  
  158  26:39  Zergling x2  
  163  26:41  Overlord  
  163  26:44  Corruptor  
  165  26:48  Corruptor  
  165  26:49  Baneling  
  165  26:52  Roach x2  
  171  26:54  Hydralisk  
  171  26:56  Hydralisk  
  171  26:59  Roach  
  171  27:00  Overlord  
  177  27:03  Zergling x2, Baneling  
  177  27:04  Mutalisk  
  177  27:06  Overseer  
  180  27:13  Spine Crawler  
  179  27:16  Spine Crawler  
  179  27:19  Overlord, Mutalisk x2, Drone x2  
  184  27:34  Mutalisk  
  184  27:37  Overlord, Mutalisk, Roach  
  184  27:38  Queen, Mutalisk x2  
  184  27:39  Roach x2  
  184  27:40  Mutalisk  
  194  27:46  Drone x3  
  194  27:50  Drone  
  189  27:52  Drone  
  189  27:53  Zergling x2  
  189  27:55  Corruptor  
  192  27:59  Corruptor  
  192  28:04  Zergling x2, Baneling  
  195  28:07  Hatchery  
  195  28:09  Mutalisk, Drone  
  195  28:12  Mutalisk  
  199  28:15  Baneling x2  
  199  28:25  Roach  
  197  28:27  Zergling x2  
  197  28:34  Zergling x2, Baneling x2  
  198  28:40  Mutalisk  
  199  28:42  Roach  
  199  28:47  Roach x2  
  199  28:48  Mutalisk  
  199  28:50  Hydralisk  
  199  28:54  Zergling x2, Baneling  
  199  29:01  Extractor  
  199  29:02  Drone  
  199  29:03  Extractor  
  199  29:04  Drone  
  199  29:06  Spine Crawler  
  199  29:07  Drone  
  199  29:08  Spore Crawler  
  199  29:09  Drone  
  199  29:10  Mutalisk, Hydralisk, Corruptor  
  199  29:11  Mutalisk  
  199  29:12  Spine Crawler  
  199  29:13  Drone  
  199  29:15  Overlord  
  199  29:16  Spore Crawler  
  192  29:18  Drone  
  197  29:33  Extractor  
  197  29:35  Extractor  
  197  29:37  Spine Crawler  
Tags
 
Add a new tag
Caveats
  • Supply blocks, unpowered buildings, or Contaminate may cause inaccurate times.
  • Supply counts are checked every 10 seconds.